 Dungeon Crawl Stone Soup version 0.21.1-1-g345015fe64 (webtiles) character file.

137 Fuxmar the Magician (level 5, -5/35 HPs)
             Began as a Human Wizard on Mar 23, 2018.
             Slain by an iguana (14 damage)
             ... on level 4 of the Dungeon.
             The game lasted 00:09:09 (3106 turns).

Fuxmar the Magician (Human Wizard)                  Turns: 3106, Time: 00:09:10

Health: -5/35      AC:  2    Str:  8    XL:     5   Next: 43%
Magic:  1/11       EV: 12    Int: 19    God:
Gold:   73         SH:  0    Dex: 11    Spells: 12/13 levels left

rFire    . . .     SeeInvis .   f - +0 dagger
rCold    . . .     Gourm    .   (no shield)
rNeg     . . .     Faith    .   a - +0 robe
rPois    .         Spirit   .   b - +0 hat
rElec    .         Reflect  .   (no cloak)
rCorr    .         Harm     .   (no gloves)
MR       .....                  (no boots)
Stlth    ++........             (no amulet)
HPRegen  0.11/turn              (no ring)
MPRegen  0.12/turn              (no ring)

@: no status effects
A: no striking features
a: no special abilities


You were on level 4 of the Dungeon.
You were not hungry.

You visited 1 branch of the dungeon, and saw 4 of its levels.

You collected 73 gold pieces.

Inventory:

Hand Weapons
 f - a +0 dagger (weapon)
Missiles
 q - 60 stones (quivered)
Armour
 a - a +0 robe (worn)
 b - a +0 hat (worn)
Scrolls
 g - a scroll of remove curse {unknown}
 h - a scroll of fear {unknown}
 i - a scroll of random uselessness {unknown}
 j - 4 scrolls of enchant weapon {unknown}
 k - a scroll of teleportation {unknown}
 n - 2 scrolls of noise {unknown}
 o - 5 scrolls of identify {unknown}
 p - 2 scrolls of amnesia {unknown}
 r - 3 scrolls of immolation {unknown}
Potions
 e - a potion of degeneration {unknown}
 l - a potion of heal wounds
 m - a potion of haste {unknown}
Books
 c - a book of Minor Magic

   Spells                             Type                      Level
   a - Magic Dart                     Conjuration                  1
   b - Blink                          Translocation                2
   c - Call Imp                       Summoning                    2
   d - Slow                           Hexes                        2
   e - Conjure Flame                  Conjuration/Fire             3
   f - Mephitic Cloud                 Conjuration/Poison/Air       3
Comestibles
 d - 5 rations


   Skills:
 + Level 0.1 Fighting
 + Level 0.3 Throwing
 + Level 2.7 Dodging
 - Level 2.0 Stealth
 + Level 4.5 Spellcasting
 + Level 2.3 Conjurations
   Level 1.0 Summonings
   Level 1.0 Translocations


You had 12 spell levels left.
You knew the following spells:

 Your Spells              Type           Power        Failure   Level  Hunger
a - Magic Dart            Conj           ##..         4%          1    None


Dungeon Overview and Level Annotations

Branches:
Dungeon (4/15)
 Temple: D:4-7

Altars:
Cheibriados
Dithmenos


Message History

The iguana is heavily wounded.
The iguana bites you.
Casting: Magic Dart
Confirm with . or Enter, or press ? or * to list all spells.
Aiming: Magic Dart
Press: ? - help, Shift-Dir - straight line, f/p - iguana
Aim: an iguana (heavily wounded)
The magic dart hits the iguana.
The iguana is severely wounded.
The iguana bites you.
* * * LOW HITPOINT WARNING * * *
Casting: Magic Dart
Confirm with . or Enter, or press ? or * to list all spells.
Aiming: Magic Dart
Press: ? - help, Shift-Dir - straight line, f/p - iguana
Aim: an iguana (severely wounded)
The magic dart hits the iguana.
The iguana is severely wounded.
The iguana bites you!
You die...

###### ....# #..#
####..### #
#.......# #.
#.##..#.#
#.##.##..#@#
#........#.l....#
##........#.#...##
#....<.####........
#.###..# ### ..###
#..# ..# #..# .#
...# .. #.#.#


You could see an iguana.

Vanquished Creatures
  A hound (D:3)
  Jessica (D:2)
  3 adders
  A worm (D:2)
  4 dart slugs
  2 leopard geckos
  4 bats
  4 giant cockroaches
  4 goblins
  6 hobgoblins
  4 kobolds
  A ball python (D:2)
  2 frilled lizards (D:2)
  3 rats
40 creatures vanquished.

Notes
Turn   | Place    | Note
-------+----------+-------------------------------------------
     0 | D:1      | Fuxmar the Human Wizard began the quest for the Orb.
     0 | D:1      | Reached XP level 1. HP: 13/13 MP: 4/4
   204 | D:1      | Reached XP level 2. HP: 17/19 MP: 0/6
   668 | D:2      | Found a shadowy altar of Dithmenos.
   990 | D:2      | Reached XP level 3. HP: 24/24 MP: 4/8
  1694 | D:2      | Noticed Jessica
  1701 | D:2      | Killed Jessica
  1701 | D:2      | Reached skill level 4 in Spellcasting
  1701 | D:2      | Reached XP level 4. HP: 30/30 MP: 1/10
  2199 | D:3      | Found a snail-covered altar of Cheibriados.
  2215 | D:3      | Reached XP level 5. HP: 26/35 MP: 0/11
  3106 | D:4      | Slain by an iguana

Skill      XL: |  1  2  3  4 |
---------------+-------------+-----
Spellcasting   | 4 |  4.5
Conjurations   | 2 |  2.3
Fighting       | |  0.1
Throwing       | |  0.3
Dodging        | |  2.7
Stealth        | |  2.0
Summonings     | |  1.0
Translocations | |  1.0

Action                   |  1- 3 |  4- 6 || total
-------------------------+-------+-------++-------
Melee: Unarmed           |     6 |       ||     6
       Dagger            |     8 |    12 ||    20
Throw: Stone             |     2 |       ||     2
 Cast: Magic Dart        |    84 |    65 ||   149
  Use: Potion            |     2 |       ||     2
  Eat: Chunk             |     2 |     4 ||     6
Armor: Robe              |    11 |     3 ||    14
       Skin              |     2 |       ||     2
Dodge: Dodged            |    45 |    13 ||    58
